 Dungeon Crawl Stone Soup version 0.25.1-2-g60ff931df9 (webtiles) character file.

Game seed: 9898867361761934118

10772 OdinFK the Frost Mage (level 11, -9/80 HPs)
             Began as a Ghoul Ice Elementalist on Sept 7, 2020.
             Was a Priest of Hepliaklqana.
             Hit by a silver javelin thrown by a minotaur (32 damage)
             ... in a Gauntlet on Sept 8, 2020.
             The game lasted 01:04:04 (9163 turns).

OdinFK the Frost Mage (Ghoul Ice Elementalist)      Turns: 9163, Time: 01:04:05

Health: -9/80      AC: 11    Str: 13    XL:     11   Next: 67%
Magic:  5/19       EV: 12    Int: 15    God:    Hepliaklqana [***...]
Gold:   749        SH:  4    Dex:  9    Spells: 5/22 levels left

rFire    + . .     SeeInvis +   w - +4 flail
rCold    + . .     Gourm    .   H - +0 buckler
rNeg     + + +     Faith    .   L - +2 robe {MR+}
rPois    ∞         Spirit   .   S - +2 helmet
rElec    .         Reflect  .   V - +0 cloak of Ennui {Int+2 SInv} (curse)
rCorr    .         Harm     .   (no gloves)
MR       +....     NoTele   +   g - +2 pair of boots
Stlth    ++........             U - amulet of magic regeneration
HPRegen  0.00/turn              (no ring)
MPRegen  0.41/turn              K - ring of protection from fire

@: rotting
A: rotting body, reduced essence, claws 1, carnivore, cold resistance 1,
negative energy resistance 3, inhibited regeneration, torment resistance,
unbreathing
a: Recall Ancestor, Ancestor Identity, Transference, Renounce Religion


You were in a Gauntlet.
You worshipped Hepliaklqana.
Hepliaklqana was most pleased with you.
You were not hungry.

You visited 1 branch of the dungeon, and saw 11 of its levels.
You also visited: Gauntlet.

You collected 749 gold pieces.

Inventory:

Hand Weapons
 w - a +4 flail (weapon)
Missiles
 s - 3 silver boomerangs (quivered)
 y - 5 silver javelins
 F - 3 atropa-tipped darts
 I - 31 poisoned darts
Armour
 g - a +2 pair of boots (worn)
 H - a +0 buckler (worn)
 L - a +2 robe of magic resistance (worn)
 S - a +2 helmet (worn)
 V - the cursed +0 cloak of Ennui (worn) {Int+2 SInv}
   (You found it in a Gauntlet)

   It affects your intelligence (+2).
   It lets you see invisible.
   It has a curse placed upon it.
Jewellery
 h - an uncursed ring of fire
 i - an uncursed ring of stealth
 p - an uncursed ring of fire
 K - a ring of protection from fire (right claw)
 U - an amulet of magic regeneration (around neck)
Wands
 j - a wand of iceblast (8)
 D - a wand of paralysis (6)
 M - a wand of polymorph (6)
 O - a wand of acid (4)
 P - a wand of flame (2)
Scrolls
 d - a scroll of magic mapping
 k - 7 scrolls of teleportation
 m - a scroll of remove curse
 n - 2 scrolls of noise {unknown}
 o - a scroll of enchant armour {unknown}
 q - 2 scrolls of fear {unknown}
 t - a scroll of enchant weapon {unknown}
 u - 3 scrolls of blinking
 B - 3 scrolls of fog
 C - a scroll of immolation {unknown}
 E - a scroll of amnesia {unknown}
 R - a scroll of identify
 T - a scroll of holy word {unknown}
Potions
 a - 2 potions of flight {unknown}
 b - 3 potions of curing
 e - 2 potions of mutation {unknown}
 f - 3 potions of invisibility {unknown}
 l - 2 potions of magic
 r - 2 potions of heal wounds
 v - a potion of berserk rage {unknown}
 x - 4 potions of might
 z - 3 potions of degeneration {unknown}
 G - 2 potions of brilliance {unknown}
 J - a potion of stabbing {unknown}
 Q - a potion of ambrosia {unknown}
Miscellaneous
 A - a tin of tremorstones (3/3)
Comestibles
 c - 24 rations


   Skills:
 + Level 6.1 Fighting
 - Level 3.0 Maces & Flails
 - Level 2.0 Dodging
 - Level 2.1 Stealth
 - Level 4.0 Shields
 - Level 6.0 Spellcasting
 - Level 4.0 Conjurations
 - Level 1.0 Hexes
 - Level 3.0 Charms
 - Level 5.0 Summonings
 + Level 13.2 Ice Magic
 + Level 1.1 Invocations
 - Level 1.0 Evocations


You had 5 spell levels left.
You knew the following spells:

 Your Spells              Type           Power        Failure   Level  Hunger
a - Freeze                Ice            ####         1%          1    None
b - Frozen Ramparts       Ice            #####.       1%          3    ##.....
c - Ozocubu's Armour      Chrm/Ice       ####....     1%          3    ##.....
d - Summon Ice Beast      Ice/Summ       ####....     3%          4    ####...
e - Hailstorm             Conj/Ice       ####....     4%          4    ####...
f - Ensorcelled Hibernat  Hex/Ice        ####..       1%          2    #......

Your spell library contained the following spells:

 Spells                   Type           Power        Failure   Level  Hunger
 Corona                   Hex            #......      10%         1    None
 Sting                    Tmut/Pois      #...         14%         1    None
 Dazzling Flash           Conj/Hex       ##....       16%         3    ##.....
 Poisonous Vapours        Pois/Air       #.....       22%         2    #......
 Mephitic Cloud           Conj/Pois/Air  #.......     26%         3    ##.....
 Confusing Touch          Hex            #.......     28%         3    ##.....
 Tukima's Dance           Hex            #.......     28%         3    ##.....
 Ignite Poison            Fire/Tmut/Pois #.......     41%         3    ##.....
 Olgreb's Toxic Radiance  Pois           #.......     82%         4    ####...


Dungeon Overview and Level Annotations

Branches:
Dungeon (11/15)            Temple (0/1) D:6            Lair (0/6) D:11
    Orc (0/2) D:10        Gauntlet (1/1)

Altars:
Ashenzari
Cheibriados
Elyvilon
Gozag
Hepliaklqana
Makhleb
Nemelex Xobeh
Qazlal
Ru
Trog
Uskayaw
Vehumet
Xom
Yredelemnul
The Shining One

Shops:
D:11 %

Annotations:
Gauntlet 4 transporters, exclusion: obsidian statue


Innate Abilities, Weirdness & Mutations

Your body is rotting away.
You thrive on raw meat.
You are immune to poison.
You have sharp fingernails.
You are carnivorous and can eat meat at any time.
Your flesh is cold resistant. (rC+)
You are immune to negative energy. (rN+++)
You do not regenerate when monsters are visible.
You are immune to unholy pain and torment.
You can survive without breathing.
Your life essence is reduced to manifest your ancestor. (-10% HP)


Message History

You see here 2 silver javelins.
You feel much better.
Casting: Frozen Ramparts (safe; 1% risk of failure)
Confirm with . or Enter, or press ? or * to list all spells.
A chill wind blows around you.
Okay, then.
The frozen ramparts melt away.
You swap places.
The minotaur throws a silver javelin.
The silver javelin pierces through your ice beast!!
The silver javelin pierces through you.
* * * LOW HITPOINT WARNING * * *
x2 The minotaur blocks your ice beast's attack.
You see here 2 silver javelins.
Something hits your ice beast!! Something melts your ice beast.
Your ice beast dies!
As you read the scroll of fog, it crumbles to dust.
The scroll dissolves into smoke.
The minotaur throws a silver javelin.
The silver javelin pierces through you!!
You die...

#.....#.#.R.#..#...#.#...#
#######.#.#...#..###########
=8[8.8#...#.©.#≈............
......'(###...#∩............
/8[8.8#(.(#.©.#≈............
#######.#.#...#..###########
#...§§#§#...#..##8.......#
#8(§§§§§§.8.#..#©######..#
##§##§###@..#..###....##.#
#..§.H§..8.#..##.#### #.#
########...#..#.##.©. #.#
#≈8≈#..#.#.####.##
#####..#.##....###
###..#..######.#
#8#..#......?=?#
###..###########
#.............


You could see a minotaur.

Vanquished Creatures
  A fire crab (Gauntlet)
  An unseen horror (D:10)
  A wizard (Gauntlet)
  A necromancer (Gauntlet)
  Maurice (D:9)
  2 hippogriffs
  Sigmund (D:5)
  A fire bat (Gauntlet)
  5 yaks (D:10)
  3 orc warriors
  4 ice beasts
  A phantom (D:9)
  4 sky beasts
  A black bear (D:11)
  3 ogres
  4 wolves (Gauntlet)
  3 centaurs
  A big kobold (D:11)
  7 bullfrogs
  A wyvern skeleton (D:7)
  7 scorpions
  5 killer bees (D:9)
  2 howler monkeys
  2 crimson imps (D:8)
  2 bullfrog zombies
  2 quasits
  A jelly (D:8)
  2 orc priests
  2 hounds
  6 orc wizards
  2 bullfrog skeletons (D:7)
  A centaur skeleton (D:4)
  2 iguanas
  3 worker ants
  A hound zombie (D:7)
  A hound skeleton (D:8)
  A worker ant zombie (D:9)
  5 adders
  2 gnolls (D:7)
  2 white imps (Gauntlet)
  An ooze (D:1)
  An adder skeleton (D:9)
  3 worms
  4 dart slugs
  2 leopard geckos
  24 orcs
  A ball python (D:5)
  4 giant cockroaches
  7 goblins
  5 hobgoblins
  5 jackals
  8 kobolds
  3 quokkas
  9 bats
  6 frilled lizards
  A leopard gecko skeleton (D:7)
  11 rats
192 creatures vanquished.

Vanquished Creatures (collateral kills)
  Erica (D:8)
  An eye of devastation (Gauntlet)
  A troll (D:10)
  2 hippogriffs
  A wraith (D:10)
  2 yaks (D:10)
  A fire bat (Gauntlet)
  A golden eye (Gauntlet)
  A wyvern (D:10)
  Edmund (D:5)
  A floating eye (Gauntlet)
  A hornet zombie (D:9)
  2 ice beasts
  An ogre (D:7)
  2 wolves (Gauntlet)
  A centaur (D:10)
  A big kobold (D:10)
  A killer bee (D:9)
  3 crimson imps
  2 quasits
  3 jellies
  A hound (D:10)
  A bullfrog skeleton (D:5)
  An orc wizard (D:8)
  A worker ant (D:10)
  2 killer bee zombies
  A gnoll (D:7)
  2 adders
  A shadow imp (D:7)
  A white imp (Gauntlet)
  2 leopard geckos
  An orc (D:8)
  A quokka (D:10)
  A giant cockroach zombie (D:6)
  2 plants (Gauntlet)
48 creatures vanquished.

Vanquished Creatures (others)
  2 hexers (Gauntlet)
  5 ancestors
  2 fungi (Gauntlet)
  4 plants (Gauntlet)
13 creatures vanquished.

Grand Total: 253 creatures vanquished

Notes
Turn   | Place    | Note
-------+----------+-------------------------------------------
     0 | D:1      | OdinFK the Ghoul Ice Elementalist began the quest for the
                  | Orb.
     0 | D:1      | Reached XP level 1. HP: 14/14 MP: 2/2
   133 | D:1      | Reached XP level 2. HP: 13/20 MP: 0/3
   400 | D:1      | Reached skill level 5 in Ice Magic
   597 | D:1      | Reached XP level 3. HP: 26/26 MP: 0/4
   605 | D:1      | Learned a level 3 spell: Frozen Ramparts
  1678 | D:2      | Reached XP level 4. HP: 31/33 MP: 2/6
  2139 | D:3      | Found a shattered altar of Ashenzari.
  2172 | D:3      | Reached skill level 6 in Ice Magic
  2530 | D:3      | Learned a level 3 spell: Ozocubu's Armour
  2588 | D:3      | Reached XP level 5. HP: 33/39 MP: 2/7
  2693 | D:4      | Noticed an ogre
  2859 | D:4      | Reached skill level 1 in Fighting
  2859 | D:4      | Reached skill level 7 in Ice Magic
  2914 | D:4      | Reached skill level 1 in Charms
  2914 | D:4      | Reached XP level 6. HP: 34/48 MP: 1/8
  3343 | D:4      | Reached XP level 7. HP: 47/55 MP: 5/9
  3547 | D:4      | Reached skill level 1 in Maces & Flails
  3547 | D:4      | Reached skill level 8 in Ice Magic
  3749 | D:5      | Entered Level 5 of the Dungeon
  3808 | D:5      | Noticed Sigmund
  3942 | D:5      | Found a shimmering altar of Xom.
  3951 | D:5      | Found a white marble altar of Elyvilon.
  3952 | D:5      | Found a sacrificial altar of Ru.
  3952 | D:5      | Found a snail-covered altar of Cheibriados.
  3955 | D:5      | Found a hazy altar of Hepliaklqana.
  3956 | D:5      | Found a shattered altar of Ashenzari.
  3958 | D:5      | Became a worshipper of Hepliaklqana the Forgotten
  3960 | D:5      | Found a sparkling altar of Nemelex Xobeh.
  4161 | D:5      | Noticed Edmund
  4210 | D:5      | Reached XP level 8. HP: 56/56 MP: 6/10
  4221 | D:5      | Learned a level 4 spell: Summon Ice Beast
  4368 | D:5      | Killed Sigmund
  4368 | D:5      | Reached skill level 9 in Ice Magic
  4500 | D:5      | Killed Edmund
  4580 | D:6      | Reached skill level 1 in Summonings
  4659 | D:6      | Reached XP level 9. HP: 13/63 MP: 7/14
  4819 | D:6      | Reached skill level 1 in Invocations
  4819 | D:6      | Reached skill level 1 in Evocations
  4943 | D:6      | Found a stormy altar of Qazlal.
  4946 | D:6      | Found a hide-covered altar of Uskayaw.
  4949 | D:6      | Reached * piety under Hepliaklqana
  5028 | D:6      | Found a staircase to the Ecumenical Temple.
  5242 | D:7      | Reached skill level 10 in Ice Magic
  5395 | D:7      | Found an opulent altar of Gozag.
  5587 | D:7      | Reached skill level 1 in Shields
  5592 | D:7      | Found a shattered altar of Ashenzari.
  5650 | D:7      | Reached skill level 5 in Spellcasting
  5701 | D:7      | HP: 2/63 [wyvern skeleton (10)]
  6088 | D:8      | Reached XP level 10. HP: 57/70 MP: 6/16
  6140 | D:8      | Reached skill level 5 in Summonings
  6168 | D:8      | Learned a level 4 spell: Hailstorm
  6234 | D:8      | Found a glowing golden altar of the Shining One.
  6235 | D:8      | Reached ** piety under Hepliaklqana
  6245 | D:8      | Noticed an angel
  6257 | D:8      | Found a basalt altar of Yredelemnul.
  6528 | D:8      | Noticed Erica
  6540 | D:8      | Killed Erica
  6540 | D:8      | Reached skill level 11 in Ice Magic
  6579 | D:8      | Remembered your ancestor Ankhesenamen as a hexer
  6648 | D:9      | Found a bloodstained altar of Trog.
  6811 | D:9      | Found a radiant altar of Vehumet.
  6866 | D:9      | Found a burning altar of Makhleb.
  7080 | D:9      | Noticed Maurice
  7176 | D:9      | Killed Maurice
  7303 | D:10     | Entered Level 10 of the Dungeon
  7420 | D:10     | Found a staircase to the Orcish Mines.
  7568 | D:10     | Reached XP level 11. HP: 76/76 MP: 10/18
  7718 | D:10     | Killed an unseen horror
  7718 | D:10     | Reached skill level 12 in Ice Magic
  7771 | D:10     | Reached skill level 5 in Fighting
  8157 | D:11     | Reached *** piety under Hepliaklqana
  8174 | D:11     | Learned a level 2 spell: Ensorcelled Hibernation
  8320 | D:11     | Found Iresoepp's Food Shoppe.
  8365 | D:11     | Found a gate leading to a gauntlet.
  8366 | D:11     | Found a staircase to the Lair.
  8370 | Gauntlet | Entered a Gauntlet
  8370 | Gauntlet | Found a transporter.
  8370 | Gauntlet | Found a transporter.
  8370 | Gauntlet | Noticed a fire crab
  8379 | Gauntlet | Found a transporter.
  8389 | Gauntlet | Found a transporter.
  8404 | Gauntlet | Found a transporter.
  8413 | Gauntlet | Noticed a wizard
  8418 | Gauntlet | Found a transporter.
  8429 | Gauntlet | Found a transporter.
  8435 | Gauntlet | Found a transporter.
  8435 | Gauntlet | Noticed a necromancer
  8445 | Gauntlet | Noticed an obsidian statue
  8446 | Gauntlet | Found a transporter.
  8468 | Gauntlet | Found a transporter.
  8470 | Gauntlet | Found a transporter.
  8508 | Gauntlet | Found a transporter.
  8570 | Gauntlet | Killed a fire crab
  8570 | Gauntlet | Reached skill level 1 in Hexes
  8925 | Gauntlet | Killed a wizard
  9060 | Gauntlet | Killed a necromancer
  9060 | Gauntlet | Reached skill level 13 in Ice Magic
  9103 | Gauntlet | Got a shimmering cloak
  9109 | Gauntlet | Identified the cursed +0 cloak of Ennui {Int+2 SInv} (You
                  | found it in a Gauntlet)
  9124 | Gauntlet | Identified the cursed ring "Hehossif" {*Slow rElec rC+
                  | Int-4 Dex+2}
  9124 | Gauntlet | Noticed a minotaur
  9149 | Gauntlet | HP: 2/80 [minotaur/silver javelin (5)]
  9163 | Gauntlet | Hit by a silver javelin thrown by a minotaur

Illustrated notes

Levels and vault maps discovered:
D:1:      dpeg_arrival_leaves_temple_mockup, layout_basic
D:2:      layout_basic
D:3:      layout_loops_cross, lemuel_altar_in_water
D:4:      layout_cave_pools, first_ration, minivault_1, minmay_pentomino_pile
D:5:      layout_basic, minitemple, uniq_edmund, uniq_sigmund
D:6:      hangedman_cross_stitches, layout_basic, lemuel_crystal_altar,
          nicolae_overflow_hidden_temple, minmay_temple_entry_grid
D:7:      layout_loops_ring, nicolae_gozag_cash_rules_everything_around_me,
          cheibrodos_ashenzari_chains
D:8:      layout_rooms, grunt_temple_overflow_holy_war, uniq_erica
D:9:      layout_basic, vehumet_crystals, bloody_makhleb,
          nicolae_overflow_crystal_walls, uniq_maurice
D:10:     layout_basic, orc_0_dummy, blue_anna_alchemist
          [blue_anna_fruit_fields, blue_anna_fruit_fields]
D:11:     layout_stronghold, lair_entry_dummy, gauntlet_entry_generic,
          serial_shops, shop
Gauntlet: gammafunk_gauntlet_shortcut [gammafunk_gauntlet_arena_teeth,
          gammafunk_gauntlet_arena_spirals, nicolae_gauntlet_arena_grate_2,
          nicolae_gauntlet_arena_flowing_pool,
          gammafunk_gauntlet_arena_arrow_garden,
          gammafunk_gauntlet_arena_chambers,
          nicolae_gauntlet_exit_dead_adventurers]

Skill      XL: |  1  2  3  4  5  6  7  8  9 10 11 |
---------------+----------------------------------+-----
Ice Magic      | 5 6 7 8 9 10 11 13 | 13.2
Spellcasting   | 2 4 5 6 |  6.0
Dodging        | 2 |  2.0
Fighting       | 2 3 4 6 |  6.1
Charms         | 1 3 |  3.0
Maces & Flails | 2 3 |  3.0
Summonings     | 4 5 |  5.0
Invocations    | 1 |  1.1
Evocations     | 1 |  1.0
Shields        | 4 |  4.0
Conjurations   | 4 |  4.0
Hexes          | 1 |  1.0
Stealth        | |  2.1

Action                   |  1- 3 |  4- 6 |  7- 9 | 10-12 || total
-------------------------+-------+-------+-------+-------++-------
Melee: Unarmed           |    66 |    72 |       |       ||   138
       Flail             |       |     8 |   155 |   205 ||   368
Throw: Boomerang         |       |     1 |     1 |       ||     2
 Cast: Freeze            |    36 |    31 |     1 |       ||    68
       Frozen Ramparts   |     1 |    16 |    24 |    28 ||    69
       Summon Ice Beast  |       |       |     1 |    26 ||    27
       Ozocubu's Armour  |       |       |       |     4 ||     4
       Hailstorm         |       |       |       |     1 ||     1
Invok: Recall Ancestor   |       |       |       |     1 ||     1
       Ancestor Life: He |       |       |       |     1 ||     1
Evoke: Wand              |       |       |       |     1 ||     1
  Use: Scroll            |       |     3 |     3 |     8 ||    14
       Potion            |       |       |     1 |     2 ||     3
 Stab: Sleeping          |     6 |     7 |     7 |     5 ||    25
       Distracted        |     1 |       |     1 |     1 ||     3
  Eat: Chunk             |     6 |    19 |    23 |    31 ||    79
       Ration            |       |       |       |     1 ||     1
Armor: Robe              |    19 |    31 |    68 |    89 ||   207
Dodge: Dodged            |    37 |    56 |   126 |   137 ||   356
Block: Buckler           |       |       |     5 |    45 ||    50
